 Dungeon Crawl Stone Soup version 0.23-a0-171-g5ae17c6 (webtiles) character file.

149 digijack the Slasher (level 5, -1/46 HPs)
             Began as a Draconian Monk on Sept 15, 2018.
             Was a Believer of the Shining One.
             Slain by a scorpion (6 damage)
             ... on level 4 of the Dungeon.
             The game lasted 00:13:19 (2912 turns).

digijack the Slasher (Draconian Monk)               Turns: 2912, Time: 00:13:27

Health: -1/46      AC:  5    Str: 13    XL:     5   Next: 9%
Magic:  5/5        EV: 13    Int: 11    God:    the Shining One [**....]
Gold:   123        SH:  0    Dex: 14    Spells: 4/4 levels left

rFire    . . .     SeeInvis .   a - +0 falchion
rCold    . . .     Gourm    .   (no shield)
rNeg     + . .     Faith    .   (armour unavailable)
rPois    .         Spirit   .   (helmet restricted)
rElec    .         Reflect  .   (no cloak)
rCorr    +         Harm     .   (no gloves)
MR       .....                  (no boots)
Stlth    +.........             (no amulet)
HPRegen  0.15/turn              i - ring of resist corrosion
MPRegen  0.09/turn              (no ring)

@: lethally poisoned (-1 -> -13), glowing
A: unfitting armour, cold-blooded, AC +5
a: Divine Shield, Renounce Religion


You were on level 4 of the Dungeon.
You worshipped the Shining One.
The Shining One was pleased with you.
You were hungry.

You visited 1 branch of the dungeon, and saw 4 of its levels.

You collected 133 gold pieces.
You spent 10 gold pieces at shops.

Inventory:

Hand Weapons
 a - a +0 falchion (weapon)
Missiles
 d - 160 stones (quivered)
Jewellery
 i - a ring of resist corrosion (left hand)
 k - an uncursed ring of wizardry
 l - an uncursed ring of fire
Wands
 n - a wand of acid (6)
 r - a wand of scattershot (4)
Scrolls
 e - 3 scrolls of enchant weapon
 f - 2 scrolls of identify
 h - 2 scrolls of blinking
 j - a scroll of teleportation
 o - 2 scrolls of remove curse
Potions
 c - a potion of haste
 g - a potion of berserk rage
 m - a potion of curing
 q - a potion of agility
Comestibles
 b - 8 rations


   Skills:
 + Level 3.9 Fighting
 * Level 5.0 Long Blades
 + Level 3.3 Dodging
 - Level 1.7 Stealth


You had 4 spell levels left.
You didn't know any spells.
Your spell library was empty.

Dungeon Overview and Level Annotations

Branches:
Dungeon (4/15)
 Temple: D:4-7

Altars:
Gozag
The Shining One

Shops:
D:4 (!


Innate Abilities, Weirdness & Mutations

Your plain brown scales are hard. (AC +5)
You cannot fit into any form of body armour.
You are cold-blooded and may be slowed by cold attacks.


Message History

You hit the scorpion.
You tail-slap the scorpion, but do no damage.
The scorpion is heavily wounded.
You feel sick. The scorpion closely misses you.
You barely miss the scorpion.
The scorpion is heavily wounded.
You feel sick. The scorpion stings you!
You are more poisoned.
The scorpion poisons you!
You hit the scorpion.
Your tail-slap misses the scorpion.
The scorpion is almost dead.
You feel sick. The scorpion stings you!
* * * LOW HITPOINT WARNING * * *
You hit the scorpion.
The scorpion is almost dead.
* * * LOW HITPOINT WARNING * * *
You feel sick. The scorpion stings you.
* * * LOW HITPOINT WARNING * * *
The scorpion stings you.
You die...

#.#..<...........##
#.#.#.##...####....
##...#.#....# #....
#.#..#......# #....
#....#.#....####.###
#.##.#.#.........#
#................#
#.#####...........####
#...s@................
....######.##.####....##
. ... .. +......
.#...###....## .....#
#....# .. ..# #....#
.....# #....# #....##
###....


You could see a scorpion.

Vanquished Creatures
  An iguana (D:4)
  A worker ant (D:4)
  2 adders (D:3)
  2 worms
  4 leopard geckos
  An orc (D:3)
  6 giant cockroaches
  6 goblins
  7 hobgoblins
  2 jackals (D:3)
  A quokka (D:4)
  11 bats
  A frilled lizard (D:1)
  13 kobolds
  A leopard gecko skeleton (D:3)
  14 rats
73 creatures vanquished.

Notes
Turn   | Place    | Note
-------+----------+-------------------------------------------
     0 | D:1      | digijack the Draconian Monk began the quest for the Orb.
     0 | D:1      | Reached XP level 1. HP: 19/19 MP: 1/1
   113 | D:1      | Reached XP level 2. HP: 16/26 MP: 2/2
   814 | D:1      | Reached XP level 3. HP: 31/31 MP: 3/3
  1365 | D:2      | Reached skill level 4 in Long Blades
  1628 | D:3      | Reached XP level 4. HP: 20/40 MP: 4/4
  1807 | D:3      | Found a glowing golden altar of the Shining One.
  1827 | D:3      | Became a worshipper of the Shining One
  1827 | D:3      | Reached * piety under the Shining One
  1827 | D:3      | Reached ** piety under the Shining One
  2423 | D:4      | Found Qeymijuf's Weapon Shop.
  2797 | D:4      | Found Tovar's Distillery.
  2800 | D:4      | Bought a potion of degeneration for 10 gold pieces
  2863 | D:4      | Found an opulent altar of Gozag.
  2883 | D:4      | Reached skill level 5 in Long Blades
  2883 | D:4      | Reached XP level 5. HP: 40/46 MP: 5/5
  2912 | D:4      | Slain by a scorpion

Vault maps used:
D:1:      onia_arrival_larder
D:3:      lemuel_crystal_altar, first_ration, minmay_distorted
D:4:      old_standard_altar, serial_shops, shop, shop,
          nicolae_shop_window_shopping

Skill      XL: |  1  2  3  4 |
---------------+-------------+-----
Dodging        | 3 |  3.3
Long Blades    | 4 5 |  5.0
Fighting       | |  3.9
Stealth        | |  1.7

Action                   |  1- 3 |  4- 6 || total
-------------------------+-------+-------++-------
Melee: Falchion          |   142 |    65 ||   207
       Tailslap          |    20 |    10 ||    30
  Use: Scroll            |    11 |     4 ||    15
 Stab: Sleeping          |     8 |       ||     8
  Eat: Chunk             |     2 |     4 ||     6
Armor: Skin              |    27 |    18 ||    45
Dodge: Dodged            |    94 |    35 ||   129
       Rpst.: Falchion   |    30 |    17 ||    47

Table legend:
 A = Non-vault XP
 B = Vault XP
 C = Vault XP percentage of total XP
 D = Non-vault monster count
 E = Vault monster count
 F = Vault count percentage of total count
                 A         B        C        D         E       F
            +---------+---------+-------+---------+---------+-------
      Total |     198 |      16 |   7.5 |      62 |      11 |  15.1
            +---------+---------+-------+---------+---------+-------
        D:1 |      33 |      12 |  26.7 |      24 |       9 |  27.3
        D:2 |      24 |       0 |   0.0 |      12 |       0 |   0.0
        D:3 |      61 |       4 |   6.2 |      21 |       2 |   8.7
        D:4 |      80 |       0 |   0.0 |       5 |       0 |   0.0
            +---------+---------+-------+---------+---------+-------
